TOP OF THE 1ST |
Kansas City Royals batting - Pitching for Seattle Mariners : RHP Bob Moose
|
Pitching: RHP Bob Moose
|
|
Batting: LHB Rick Manning
|
0-0: Ball 1-0: Called Strike 1-1: Foul Ball, location: 2F 1-2: Foul Ball, location: 2F 1-2: Foul Ball, location: 2F 1-2: Ball 2-2: Foul Ball, location: 2F 2-2: Ball 3-2: SINGLE (Groundball, 4MD, EV 110.0 MPH)
|
Batting: RHB Rickey Henderson
|
0-0: Fielders Choice at 2nd, 4-6 (Groundball, 4, EV 102.5 MPH)
|
Batting: LHB Alvin Davis
|
0-0: Ball 1-0: Called Strike 1-1: Ball 2-1: Ball 3-1: Base on Balls Rickey Henderson to second
|
Batting: RHB Bob Horner
|
0-0: Ball 1-0: Called Strike Rickey Henderson steals 3rd, throwing error, E2 Rickey Henderson scores Alvin Davis to third 1-1: Fly out, F9 (Flyball, 89M, EV 78.1 MPH)
|
Batting: RHB Gary Carter
|
0-0: Ball 1-0: Called Strike 1-1: Foul Ball, location: 2F 1-2: Foul Ball, location: 2F 1-2: Ball 2-2: Foul Ball, location: 2F 2-2: Foul Ball, location: 2F 2-2: Ground out 2-3 (Groundball, 15S, EV 67.5 MPH)
|
Top of the 1st over - 1 run, 1 hit, 1 error, 1 left on base; Kansas City 1 - Seattle 0 |
BOTTOM OF THE 1ST |
Seattle Mariners batting - Pitching for Kansas City Royals : LHP Dave LaPoint
|
Pitching: LHP Dave LaPoint
|
|
Batting: SHB Miguel Dilone
|
0-0: Ground out 6-3 (Groundball, 56D, EV 87.5 MPH)
|
Batting: LHB Mike Stenhouse
|
0-0: Foul Ball, location: 2F 0-1: Ball 1-1: Swinging Strike 1-2: Strikes out looking
|
Batting: RHB Robin Yount
|
0-0: Called Strike 0-1: Ball 1-1: Ball 2-1: Called Strike 2-2: Foul Ball, location: 2F 2-2: Ball 3-2: Base on Balls
|
Batting: LHB Don Mattingly
|
0-0: Ball 1-0: Ball 2-0: Called Strike 2-1: Ground out 6-3 (Groundball, 6M, EV 98.8 MPH)
|
Bottom of the 1st over - 0 runs, 0 hits, 0 errors, 1 left on base; Kansas City 1 - Seattle 0 |
TOP OF THE 2ND |
Kansas City Royals batting - Pitching for Seattle Mariners : RHP Bob Moose
|
Batting: LHB Gene Richards
|
0-0: Ball 1-0: Foul Ball, location: 2F 1-1: Foul Ball, location: 2F 1-2: DOUBLE (Line Drive, 7LM, EV 110.6 MPH)
|
Batting: LHB Jim Eisenreich
|
0-0: Ball 1-0: Swinging Strike 1-1: Bunted foul 1-2: Ball 2-2: Ball 3-2: Base on Balls
|
Batting: RHB Adrian Monrreal
|
0-0: Called Strike 0-1: Ball 1-1: Foul Ball, location: 2F 1-2: Ball 2-2: SINGLE (Line Drive, 78S, EV 100.0 MPH) Gene Richards to third Jim Eisenreich to second Runner from 3rd tries for Home, SAFE, throw by LF to home
|
Batting: RHB Charlie O'Brien
|
0-0: Ball 1-0: Called Strike 1-1: Fly out, F8 (Flyball, 8RS, EV 81.3 MPH)
|
Batting: LHB Rick Manning
|
0-0: Ball 1-0: Called Strike 1-1: Swinging Strike 1-2: Ball 2-2: Strikes out looking
|
Batting: RHB Rickey Henderson
|
0-0: Called Strike 0-1: DOUBLE (Groundball, 5L, EV 98.8 MPH) Jim Eisenreich scores Adrian Monrreal to third Runner from 3rd tries for Home, SAFE, throw by LF to trailing runner, SAFE at third!
|
Batting: LHB Alvin Davis
|
0-0: Called Strike 0-1: Foul Ball, location: 2F 0-2: Strikes out looking
|
Top of the 2nd over - 3 runs, 3 hits, 0 errors, 1 left on base; Kansas City 4 - Seattle 0 |
BOTTOM OF THE 2ND |
Seattle Mariners batting - Pitching for Kansas City Royals : LHP Dave LaPoint
|
Batting: LHB Chris Wynn
|
0-0: Foul Ball, location: 2F 0-1: Fly out, F7 (Flyball, 7S, EV 84.4 MPH)
|
Batting: LHB Jose Perales
|
0-0: Called Strike 0-1: Called Strike 0-2: Strikes out swinging
|
Batting: RHB Ryne Sandberg
|
0-0: Ground out 5-3 (Groundball, 5L, EV 86.3 MPH)
|
Bottom of the 2nd over - 0 runs, 0 hits, 0 errors, 0 left on base; Kansas City 4 - Seattle 0 |
TOP OF THE 3RD |
Kansas City Royals batting - Pitching for Seattle Mariners : RHP Bob Moose
|
Batting: RHB Bob Horner
|
0-0: Swinging Strike 0-1: Fly out, F7 (Flyball, 7S, EV 96.3 MPH)
|
Batting: RHB Gary Carter
|
0-0: Fly out, F8 (Flyball, 8RD, EV 94.4 MPH)
|
Batting: LHB Gene Richards
|
0-0: Ground out U3 (Groundball, 34, EV 84.4 MPH)
|
Top of the 3rd over - 0 runs, 0 hits, 0 errors, 0 left on base; Kansas City 4 - Seattle 0 |
BOTTOM OF THE 3RD |
Seattle Mariners batting - Pitching for Kansas City Royals : LHP Dave LaPoint
|
Batting: RHB Ramon Estepa
|
0-0: Ground out 1-3 (Groundball, 13, EV 71.3 MPH)
|
Batting: RHB Ken Reitz
|
0-0: Ball 1-0: Called Strike 1-1: Foul Ball, location: 2F 1-2: Foul Ball, location: 2F 1-2: SINGLE (Groundball, 34D, EV 106.3 MPH)
|
Batting: SHB Miguel Dilone
|
0-0: Foul Ball, location: 2F 0-1: Ball 1-1: Swinging Strike 1-2: Foul Ball, location: 2F 1-2: Ball Wild Pitch! Ken Reitz to second 2-2: Foul Ball, location: 2F 2-2: Ball 3-2: Ground out U3 (Groundball, 34, EV 76.9 MPH) Ken Reitz to third
|
Batting: LHB Mike Stenhouse
|
0-0: Foul Ball, location: 2F 0-1: Called Strike 0-2: Strikes out swinging
|
Bottom of the 3rd over - 0 runs, 1 hit, 0 errors, 1 left on base; Kansas City 4 - Seattle 0 |
TOP OF THE 4TH |
Kansas City Royals batting - Pitching for Seattle Mariners : RHP Bob Moose
|
Batting: LHB Jim Eisenreich
|
0-0: Ball 1-0: Ball 2-0: Ball 3-0: Base on Balls
|
Batting: RHB Adrian Monrreal
|
0-0: Called Strike 0-1: Grounds into double play, 5-4-3 (Groundball, 5, EV 83.8 MPH)
|
Batting: RHB Charlie O'Brien
|
0-0: Ball 1-0: Foul Ball, location: 2F 1-1: Ball 2-1: Ball 3-1: Base on Balls
|
Batting: LHB Rick Manning
|
0-0: Ball 1-0: Foul Ball, location: 2F 1-1: Called Strike 1-2: Ball 2-2: SINGLE (Line Drive, 34D, EV 96.3 MPH) Charlie O'Brien to second Runner from 2nd tries for 3rd, SAFE, throw by RF made to third
|
Batting: RHB Rickey Henderson
|
0-0: Called Strike 0-1: Foul Ball, location: 2F 0-2: Ball 1-2: Fielders Choice at 2nd, 5-4 (Groundball, 5L, EV 86.3 MPH)
|
Top of the 4th over - 0 runs, 1 hit, 0 errors, 2 left on base; Kansas City 4 - Seattle 0 |
BOTTOM OF THE 4TH |
Seattle Mariners batting - Pitching for Kansas City Royals : LHP Dave LaPoint
|
Batting: RHB Robin Yount
|
0-0: Ball 1-0: Foul Ball, location: 2F 1-1: Ball 2-1: Ball 3-1: Fly out, F6 (Line Drive, 6, EV 61.3 MPH)
|
Batting: LHB Don Mattingly
|
0-0: Ball 1-0: Called Strike 1-1: Ball 2-1: Ball 3-1: Fly out, F8 (Flyball, 78M, EV 90.6 MPH)
|
Batting: LHB Chris Wynn
|
0-0: Ball 1-0: Called Strike 1-1: Swinging Strike 1-2: Ground out 6-3 (Groundball, 6, EV 86.3 MPH)
|
Bottom of the 4th over - 0 runs, 0 hits, 0 errors, 0 left on base; Kansas City 4 - Seattle 0 |
TOP OF THE 5TH |
Kansas City Royals batting - Pitching for Seattle Mariners : RHP Bob Moose
|
Batting: LHB Alvin Davis
|
0-0: Ball 1-0: Ball 2-0: Ball 3-0: Called Strike 3-1: Base on Balls
|
Batting: RHB Bob Horner
|
0-0: Ball 1-0: Ball 2-0: Foul Ball, location: 2F 2-1: Ball 3-1: Foul Ball, location: 2F 3-2: Fly out, F8 (Flyball, 89M, EV 86.3 MPH)
|
Batting: RHB Gary Carter
|
0-0: Ball 1-0: Foul Ball, location: 2F 1-1: Grounds into double play, 6-4-3 (Groundball, 6, EV 90.0 MPH)
|
Top of the 5th over - 0 runs, 0 hits, 0 errors, 0 left on base; Kansas City 4 - Seattle 0 |
BOTTOM OF THE 5TH |
Seattle Mariners batting - Pitching for Kansas City Royals : LHP Dave LaPoint
|
Batting: LHB Jose Perales
|
0-0: Foul Ball, location: 2F 0-1: Swinging Strike 0-2: Ball 1-2: Ball 2-2: Foul Ball, location: 2F 2-2: Foul Ball, location: 2F 2-2: Ball 3-2: Foul Ball, location: 2F 3-2: Base on Balls
|
Batting: RHB Ryne Sandberg
|
0-0: Called Strike 0-1: Called Strike 0-2: Strikes out swinging
|
Batting: RHB Ramon Estepa
|
0-0: Called Strike 0-1: Ball 1-1: Ball 2-1: Ball 3-1: Called Strike 3-2: Strikes out swinging
|
Batting: RHB Ken Reitz
|
0-0: Called Strike 0-1: Ball 1-1: Ground out 4-3 (Groundball, 4, EV 90.0 MPH)
|
Bottom of the 5th over - 0 runs, 0 hits, 0 errors, 1 left on base; Kansas City 4 - Seattle 0 |
TOP OF THE 6TH |
Kansas City Royals batting - Pitching for Seattle Mariners : RHP Bob Moose
|
Batting: LHB Gene Richards
|
0-0: Ball 1-0: Swinging Strike 1-1: Ball 2-1: Ball 3-1: Fly out, F5 (Line Drive, 5, EV 73.1 MPH)
|
Batting: LHB Jim Eisenreich
|
0-0: Foul Ball, location: 2F 0-1: Ball 1-1: Foul Ball, location: 2F 1-2: Ball 2-2: Strikes out swinging
|
Batting: RHB Adrian Monrreal
|
0-0: Ball 1-0: Ball 2-0: Ground out 6-3 (Groundball, 6M, EV 102.5 MPH)
|
Top of the 6th over - 0 runs, 0 hits, 0 errors, 0 left on base; Kansas City 4 - Seattle 0 |
BOTTOM OF THE 6TH |
Seattle Mariners batting - Pitching for Kansas City Royals : LHP Dave LaPoint
|
Batting: SHB Miguel Dilone
|
0-0: Called Strike 0-1: Ball 1-1: Foul Ball, location: 2F 1-2: Ground out 6-3 (Groundball, 6MS, EV 85.6 MPH)
|
Batting: LHB Mike Stenhouse
|
0-0: Ball 1-0: Called Strike 1-1: Fly out, F7 (Flyball, 7S, EV 97.5 MPH)
|
Batting: RHB Robin Yount
|
0-0: Called Strike 0-1: Swinging Strike 0-2: Strikes out swinging
|
Bottom of the 6th over - 0 runs, 0 hits, 0 errors, 0 left on base; Kansas City 4 - Seattle 0 |
TOP OF THE 7TH |
Kansas City Royals batting - Pitching for Seattle Mariners : RHP Bob Moose
|
Batting: RHB Charlie O'Brien
|
0-0: Ground out 6-3 (Groundball, 6S, EV 88.1 MPH)
|
Batting: LHB Rick Manning
|
0-0: Foul Ball, location: 2F 0-1: Ball 1-1: Ball 2-1: Ball 3-1: Swinging Strike 3-2: Base on Balls
|
Batting: RHB Rickey Henderson
|
0-0: Called Strike 0-1: Ball 1-1: Called Strike 1-2: Foul Ball, location: 2F 1-2: SINGLE (Line Drive, 3D, EV 98.8 MPH) Rick Manning to second
|
Pitching: RHP Scott Sanderson
|
|
Batting: LHB Alvin Davis
|
0-0: Ball 1-0: Called Strike 1-1: Ball 2-1: Called Strike 2-2: SINGLE (Groundball, 56D, EV 99.4 MPH) Rick Manning to third Rickey Henderson to second Runner from 3rd tries for Home, SAFE, throw by LF to home Rickey Henderson to third Alvin Davis to second
|
Batting: RHB Bob Horner
|
0-0: Ball 1-0: Fly out, F8 (Flyball, 8LM, EV 82.5 MPH) Runner from 3rd tags up, SCORES, throw by CF
|
Batting: RHB Gary Carter
|
0-0: Ball 1-0: Fly out, F4 (Popup, 4D, EV 67.5 MPH)
|
Top of the 7th over - 2 runs, 2 hits, 0 errors, 1 left on base; Kansas City 6 - Seattle 0 |
BOTTOM OF THE 7TH |
Seattle Mariners batting - Pitching for Kansas City Royals : LHP Dave LaPoint
|
Batting: LHB Don Mattingly
|
0-0: Fly out, F3 (Popup, 34S, EV 79.4 MPH)
|
Batting: LHB Chris Wynn
|
0-0: Called Strike 0-1: Swinging Strike 0-2: Strikes out swinging
|
Batting: LHB Jose Perales
|
0-0: Ball 1-0: Foul Ball, location: 2F 1-1: Ball 2-1: Foul Ball, location: 2F 2-2: Ball 3-2: Ground out 4-3 (Groundball, 4, EV 79.4 MPH)
|
Bottom of the 7th over - 0 runs, 0 hits, 0 errors, 0 left on base; Kansas City 6 - Seattle 0 |
TOP OF THE 8TH |
Kansas City Royals batting - Pitching for Seattle Mariners : RHP Scott Sanderson
|
Batting: LHB Gene Richards
|
0-0: Called Strike 0-1: Ball 1-1: DOUBLE (Flyball, 8LD, EV 97.5 MPH)
|
Batting: LHB Jim Eisenreich
|
0-0: Ball 1-0: Ball 2-0: Fly out, F7 (Flyball, 7D, EV 94.4 MPH)
|
Batting: RHB Adrian Monrreal
|
0-0: Called Strike 0-1: SINGLE (Line Drive, 4D, EV 96.3 MPH) Gene Richards to third Runner from 3rd tries for Home, SAFE, throw by CF to home
|
Batting: RHB Charlie O'Brien
|
0-0: Ball 1-0: Ball Adrian Monrreal steals 2nd base (no throw) 2-0: Fly out, F9 (Line Drive, 89M, EV 89.4 MPH)
|
Batting: LHB Rick Manning
|
0-0: Ball 1-0: Ball 2-0: Ground out 4-3 (Groundball, 4, EV 101.9 MPH)
|
Top of the 8th over - 1 run, 2 hits, 0 errors, 1 left on base; Kansas City 7 - Seattle 0 |
BOTTOM OF THE 8TH |
Seattle Mariners batting - Pitching for Kansas City Royals : LHP Dave LaPoint
|
Batting: RHB Ryne Sandberg
|
0-0: Swinging Strike 0-1: Ball 1-1: SOLO HOME RUN (Flyball, 7D, EV 104.4 MPH), Distance : 367 ft
|
Batting: RHB Ramon Estepa
|
0-0: Ball 1-0: Swinging Strike 1-1: Foul Ball, location: 2F 1-2: Strikes out swinging
|
Batting: RHB Ken Reitz
|
0-0: Ground out U3 (Groundball, 34, EV 83.1 MPH)
|
Batting: SHB Miguel Dilone
|
0-0: Swinging Strike 0-1: Fly out, F8 (Flyball, 8RD, EV 103.8 MPH)
|
Bottom of the 8th over - 1 run, 1 hit, 0 errors, 0 left on base; Kansas City 7 - Seattle 1 |
TOP OF THE 9TH |
Kansas City Royals batting - Pitching for Seattle Mariners : RHP Scott Sanderson
|
Batting: RHB Rickey Henderson
|
0-0: Swinging Strike 0-1: Swinging Strike 0-2: Ball 1-2: Foul Ball, location: 2F 1-2: Strikes out swinging
|
Batting: LHB Alvin Davis
|
0-0: Ball 1-0: Ground out 5-3 (Groundball, 56, EV 105.0 MPH)
|
Batting: RHB Bob Horner
|
0-0: Ball 1-0: Ball 2-0: Ground out 5-3 (Groundball, 56, EV 81.9 MPH)
|
Top of the 9th over - 0 runs, 0 hits, 0 errors, 0 left on base; Kansas City 7 - Seattle 1 |
BOTTOM OF THE 9TH |
Seattle Mariners batting - Pitching for Kansas City Royals : LHP Dave LaPoint
|
Batting: LHB Mike Stenhouse
|
0-0: Ball 1-0: Ball 2-0: Ball 3-0: Base on Balls
|
Batting: RHB Robin Yount
|
0-0: Ball 1-0: Ball 2-0: Foul Ball, location: 2F 2-1: Foul Ball, location: 2F 2-2: Fly out, F8 (Flyball, 8LXD, EV 95.6 MPH)
|
Pitching: RHP Don Wilson
|
|
Batting: LHB Don Mattingly
|
0-0: Fly out, F8 (Flyball, 8RXD, EV 95.0 MPH)
|
Batting: LHB Chris Wynn
|
0-0: Foul Ball, location: 2F 0-1: Ground out 4-3 (Groundball, 4, EV 104.4 MPH)
|
Bottom of the 9th over - 0 runs, 0 hits, 0 errors, 1 left on base; Kansas City 7 - Seattle 1 |
|